 Dungeon Crawl Stone Soup version 0.31.0-11-ge490571c62 (webtiles) character file.

Game seed: 10422358782028249082

295 qw the Skirmisher (level 6, -4/35 HPs)
             Began as a Deep Elf Hunter on Feb 4, 2024.
             Slain by Duvessa
             ... wielding a +0 short sword
              (5 damage)
             ... on level 4 of the Dungeon.
             The game lasted 00:00:12 (2072 turns).

qw the Skirmisher (Deep Elf Hunter)                 Turns: 2072, Time: 00:00:12

Health: -4/35      AC:  8    Str: 10    XL:     6   Next: 11%
Magic:  8/8        EV: 11    Int: 14    God:
Gold:   125        SH:  0    Dex: 18    Spells: 5/5 levels left

rFire   + . .        a - +1 shortbow
rCold   . . .        (shield currently unavailable)
rNeg    . . .        g - +0 ring mail
rPois   .            (no helmet)
rElec   .            (no cloak)
rCorr   .            i - +1 pair of gloves
SInv    .            d - +0 pair of boots
Will    .....        (no amulet)
Stlth   +            f - ring of protection from fire
HPRegen 0.25/turn    (no ring)
MPRegen 0.11/turn

%: no passive effects
@: no status effects
A: no striking features
a: no special abilities


You were on level 4 of the Dungeon.
You visited 1 branch of the dungeon, and saw 4 of its levels.

You collected 125 gold pieces.


   Skills:
 - Level 2.1 Fighting
 + Level 9.1 Ranged Weapons
 - Level 1.2 Armour
 - Level 2.4 Dodging
 - Level 1.2 Stealth


You had 5 spell levels left.
You didn't know any spells.
Your spell library was empty.

Inventory:

Hand Weapons
 a - a +1 shortbow (weapon)
Armour
 d - a +0 pair of boots (worn)
 g - a +0 ring mail (worn)
 i - a +1 pair of gloves (worn)
Jewellery
 f - a ring of protection from fire (left hand)
Wands
 h - a wand of charming (11)
Potions
 b - a potion of curing
 c - a potion of degeneration {unknown}
 e - a potion of lignification {unknown}

Dungeon Overview and Level Annotations

Branches:
Dungeon (4/15)
 Temple: D:4-7

Altars:
Ashenzari
Yredelemnul

Annotations:
D:4 Dowan, Duvessa


Message History

There is a stone staircase leading up here.
Duvessa, Sister of Dowan comes into view.
She is wielding a +0 short sword.
Duvessa shouts!
You shoot an arrow. The arrow hits Duvessa.
Duvessa is lightly wounded.
Dowan, Brother of Duvessa comes into view.
He is wielding a +0 dagger.
You shoot an arrow.
Dowan shouts!
The arrow hits Duvessa but does no damage.
Duvessa is lightly wounded.
You shoot an arrow. The arrow barely misses Duvessa.
The arrow hits Dowan.
Dowan is lightly wounded.
Dowan casts a spell at Duvessa.
Duvessa seems to speed up.
Enter note:
Enter note: You shoot an arrow.
The arrow hits Duvessa.
Duvessa is lightly wounded.
Dowan gestures at you while chanting. The puff of frost hits you!
Duvessa closely misses you.
You shoot an arrow. The arrow completely misses Duvessa.
Duvessa hits you but does no damage.
You shoot an arrow. The arrow closely misses Duvessa.
Duvessa hits you with a +0 short sword. Duvessa barely misses you.
You shoot an arrow. The arrow closely misses Duvessa.
Duvessa completely misses you. Duvessa hits you but does no damage.
Dowan says, "Stay away from my face!"
Dowan hits you with a +0 dagger.
You shoot an arrow. The arrow hits Duvessa.
Duvessa is moderately wounded.
Duvessa hits you with a +0 short sword. Dowan completely misses you.
Duvessa completely misses you.
You shoot an arrow.
The arrow hits Duvessa but does no damage.
Duvessa is moderately wounded.
Duvessa hits you with a +0 short sword. Dowan completely misses you.
You shoot an arrow. The arrow barely misses Duvessa.
Duvessa hits you with a +0 short sword! Dowan hits you with a +0 dagger.
Duvessa hits you with a +0 short sword.
You die...

## ## ##. .#####
##..##......
#........... ##.........
##........ ##>....ee#
.......@## #......<.##
#......[..## ######
#.##......)###..#.###
...............#....####
...............##....##.
...#..............#...#.
..##..............##....
## ##...................


You could see Duvessa (fast) and Dowan.

Vanquished Creatures
  A hound (D:4)
  An orc priest (D:4)
  Jessica (D:3)
  An orc wizard (D:3)
  6 gnolls
  6 adders
  3 ribbon worms
  3 orcs (D:3)
  8 ball pythons
  7 endoplasms
  4 giant cockroaches
  4 goblins
  9 hobgoblins
  5 kobolds
  A quokka (D:4)
  3 bats
  3 frilled lizards (D:1)
  4 rats
70 creatures vanquished.

Notes
Turn   | Place    | Note
-------+----------+-------------------------------------------
     0 | D:1      | qw the Deep Elf Hunter began the quest for the Orb.
     0 | D:1      | Reached XP level 1. HP: 12/12 MP: 3/3
     0 | D:1      | 0 ||| qw: Version: 0.3-a-160-g6735b56
     0 | D:1      | 0 ||| qw: Game counter: 4391
     0 | D:1      | 0 ||| qw: Melee chars always use a shield: true
     0 | D:1      | 0 ||| qw: God list: Okawaru
     0 | D:1      | 0 ||| qw: Allow faded altars: false
     0 | D:1      | 0 ||| qw: Do Orc after clearing Dungeon:15 true
     0 | D:1      | 0 ||| qw: Do second Lair branch before Depths: true
     0 | D:1      | 0 ||| qw: Lair rune preference: random
     0 | D:1      | 0 ||| qw: Goals: Normal
     0 | D:1      | 0 ||| PLANNING D:1-11
    51 | D:1      | Reached XP level 2. HP: 16/16 MP: 4/4
    52 | D:1      | Reached skill level 6 in Ranged Weapons
   732 | D:1      | 732 ||| UPGRADING to +0 pair of boots.
   737 | D:1      | 737 ||| UPGRADING to +0 ring mail.
   747 | D:1      | 747 ||| DROPPING +0 leather armour.
   748 | D:1      | 748 ||| READING scroll labelled TIUSTON LOWA.
   748 | D:1      | 748 ||| ENCHANTING +0 shortbow.
   749 | D:1      | 749 ||| DROPPING scroll of butterflies.
   855 | D:2      | Reached XP level 3. HP: 20/20 MP: 5/5
   874 | D:2      | Found a faded altar of an unknown god.
   907 | D:2      | Reached skill level 7 in Ranged Weapons
  1165 | D:2      | 1165 ||| UPGRADING to +1 pair of gloves.
  1170 | D:2      | 1170 ||| READING scroll labelled IDA ASIERUANE.
  1271 | D:2      | 1271 ||| READING 2 scrolls labelled ESTOQEI YTAMU.
  1271 | D:2      | 1271 ||| IDENTIFYING bubbling puce potion
  1272 | D:2      | 1272 ||| READING scroll of identify.
  1272 | D:2      | 1272 ||| IDENTIFYING 2 fuming sapphire potions
  1273 | D:2      | 1273 ||| DRINKING 2 fizzy golden potions.
  1274 | D:2      | 1274 ||| DROPPING potion of brilliance.
  1324 | D:3      | Reached XP level 4. HP: 25/25 MP: 6/6
  1378 | D:3      | Reached skill level 8 in Ranged Weapons
  1423 | D:3      | Noticed Jessica
  1427 | D:3      | Killed Jessica
  1428 | D:3      | Reached XP level 5. HP: 29/29 MP: 7/7
  1554 | D:3      | Found a broken altar of Ashenzari.
  1556 | D:3      | Found a basalt altar of Yredelemnul.
  1584 | D:3      | 1584 ||| READING scroll labelled ZESSEDDUMNA.
  1625 | D:4      | 1625 ||| STAIRDANCE
  1631 | D:4      | 1631 ||| STAIRDANCE
  1649 | D:4      | 1649 ||| STAIRDANCE
  1656 | D:4      | 1656 ||| STAIRDANCE
  1709 | D:4      | 1709 ||| STAIRDANCE
  1717 | D:3      | HP: 3/29 [gnoll/+0 club (7)]
  1718 | D:3      | 1718 ||| DRINKING potion of heal wounds.
  1770 | D:4      | 1770 ||| STAIRDANCE
  1781 | D:4      | 1781 ||| STAIRDANCE
  1794 | D:3      | 1794 ||| DRINKING 2 potions of curing.
  1794 | D:3      | 1794 ||| (to cure confusion)
  1802 | D:4      | 1802 ||| STAIRDANCE
  1818 | D:3      | Reached skill level 9 in Ranged Weapons
  2019 | D:4      | Reached skill level 1 in Armour
  2019 | D:4      | Reached XP level 6. HP: 35/35 MP: 8/8
  2025 | D:4      | 2025 ||| UPGRADING to ring of protection from fire.
  2026 | D:4      | 2026 ||| READING scroll labelled YREYGA HUZAMO.
  2027 | D:4      | 2027 ||| READING scroll labelled YQUPEDGH OKIBIL.
  2062 | D:4      | Noticed Duvessa
  2063 | D:4      | Noticed Dowan
  2071 | D:4      | HP: 8/35 [Duvessa/+0 short sword (4)]
  2072 | D:4      | HP: 2/35 [Duvessa/+0 short sword (7)]
  2072 | D:4      | Slain by Duvessa

Levels and vault maps discovered:
D:1:      dpeg_arrival_windows_large_door, layout_basic, serial_aquarium,
          aquarium_bridge_long_joined [aquarium_subvault_balcony,
          aquarium_subvault_balcony, aquarium_subvault_window,
          aquarium_subvault_wall, aquarium_subvault_bridge,
          aquarium_subvault_bridge], aquarium_window_2,
          aquarium_window_corridor_1, aquarium_window_fake, aquarium_view_2e,
          aquarium_balcony_5b, aquarium_pool_2, st_stairs_11,
          minmay_misc_feat_five, minmay_misc_feat_chi, minmay_unequal
D:2:      layout_basic, hellmonk_ecumenical_altar_heavens_door
D:3:      layout_rooms, nicolae_overflow_hidden_temple, uniq_jessica
D:4:      layout_cave_pools, nicolae_gozag_cash_rules_everything_around_me,
          pf_just_have_faith, mainiacjoe_overflow_swirl, gammafunk_ghost_split,
          hangedman_abyss_or_decor_stabs, uniq_duvessa, uniq_blork_the_orc,
          uniq_pikel

Skill      XL: |  1  2  3  4  5 |
---------------+----------------+-----
Ranged Weapons | 6 7 8 9 |  9.1
Fighting       | 2 |  2.1
Armour         | 1 |  1.2
Dodging        | |  2.4
Stealth        | |  1.2

Action                     |  1- 3 |  4- 6 || total
---------------------------+-------+-------++-------
   Fire: Shortbow          |    89 |   129 ||   218
    Use: Scroll            |     4 |     3 ||     7
         Potion            |     1 |     2 ||     3
 Armour: Leather armour    |     7 |       ||     7
         Ring mail         |     8 |    68 ||    76
  Dodge: Dodged            |    13 |    41 ||    54

Table legend:
 A = Non-vault XP
 B = Vault XP
 C = Vault XP percentage of total XP
 D = Non-vault monster count
 E = Vault monster count
 F = Vault count percentage of total count
                 A         B        C        D         E       F
            +---------+---------+-------+---------+---------+-------
      Total |     377 |      45 |  10.7 |      64 |       6 |   8.6
            +---------+---------+-------+---------+---------+-------
        D:1 |      27 |       8 |  22.9 |      17 |       5 |  22.7
        D:2 |      61 |       0 |   0.0 |      15 |       0 |   0.0
        D:3 |     155 |      37 |  19.3 |      18 |       1 |   5.3
        D:4 |     134 |       0 |   0.0 |      14 |       0 |   0.0
            +---------+---------+-------+---------+---------+-------
